AoeStats
← Goku

Arena

505768631Analyzed
4v4 RM · 23d ago on Sep 11, 2026· 45m 26s· 8 players
Game mode
Random Map
Map size
Large (8 player)
Population
200
Speed
Normal
Resources
Standard
Victory
Conquest
Starting age
Dark Age
Ending age
Imperial Age
RankedLock teamsTeams togetherTeam positionsShared explorationLock speedFull tech treeHidden civsTurbo modeCheats
Victory
Defeat
🇬🇧 Lithuanians · United Kingdom
798
+7
🇵🇪 Khmer · Peru
786
+7
🇺🇸 Romans · United States
767
+8
🇧🇷 Chinese · Brazil
654
+13
🇹🇷 Cumans · Türkiye
660
-12
🇵🇹 Khmer · Portugal
595
-9
🇵🇹 Romans · Portugal
539
-7
🇵🇹 Spanish · Portugal
511
-7
akgun_demirtas_96
1:22 Loom
15:14 Feudal Age
21:11 Wheelbarrow
ZeRamboias
14:55 Feudal Age
19:45 Castle Age
18:50 Double-Bit Axe
18:47 Horse Collar
19:00 Stone Mining
19:03 Gold Mining
25:33 Caravan
27:21 Gold Shaft Mining
28:17 Heavy Plow
28:29 Bow Saw
38:08 Wheelbarrow
38:06 Ballistics
37:42 Murder Holes
37:57 Fortified Wall
38:53 Tusk Swords
44:03 Imperial Age
41:49 Hand Cart
Goku
16:18 Feudal Age
14:36 Loom
16:51 Gold Mining
16:53 Double-Bit Axe
17:28 Stone Mining
18:00 Town Watch
18:40 Horse Collar
21:49 Wheelbarrow
24:54 Castle Age
22:57 Man-at-Arms
24:10 Scale Mail Armor
26:14 Long Swordsman
30:12 Squires
29:32 Pikeman
35:13 Ballistas
36:42 Gold Shaft Mining
36:20 Bow Saw
36:59 Heavy Plow
38:52 Forging
38:45 Padded Archer Armor
39:01 Chain Mail Armor
38:51 Scale Barding Armor
38:36 Fletching
44:14 Imperial Age
42:45 Ballistics
42:34 Bodkin Arrow
42:55 Leather Archer Armor
IMP3K
14:27 Feudal Age
14:56 Town Watch
14:59 Double-Bit Axe
14:58 Horse Collar
18:37 Gold Mining
23:27 Castle Age
21:51 Man-at-Arms
26:21 Bow Saw
26:04 Stone Mining
26:16 Heavy Plow
30:05 Stone Shaft Mining
36:02 Imperial Age
34:11 Wheelbarrow
38:48 Chemistry
38:37 Town Patrol
38:53 Hand Cart
38:58 Elite Conquistador
MoncusJBAJ
10:00 Feudal Age
10:22 Man-at-Arms
16:26 Forging
16:16 Scale Mail Armor
21:26 Castle Age
22:01 Long Swordsman
23:00 Chain Mail Armor
22:18 Elite Skirmisher
24:32 Double-Bit Axe
24:29 Horse Collar
25:43 Iron Casting
25:11 Squires
25:07 Gold Mining
29:45 Bow Saw
37:58 Ballistics
39:42 Murder Holes
41:13 Loom
42:07 Wheelbarrow
41:49 Fletching
42:00 Padded Archer Armor
45:00 Imperial Age
42:56 Heavy Plow
43:53 Gold Shaft Mining
43:43 Bodkin Arrow
44:03 Leather Archer Armor
45:13 Masonry
45:23 Hand Cart
45:29 Hand Cart
neethgiE
9:48 Loom
11:34 Feudal Age
17:50 Castle Age
16:07 Double-Bit Axe
16:34 Stone Mining
16:47 Gold Mining
17:49 Horse Collar
19:30 Caravan
26:25 Bow Saw
26:21 Heavy Plow
27:37 Wheelbarrow
28:01 Bloodlines
29:48 Husbandry
31:41 Hand Cart
37:04 Imperial Age
36:43 Scale Barding Armor
36:49 Forging
38:05 Conscription
37:07 Cavalier
38:17 Chain Barding Armor
39:09 Two-Man Saw
38:48 Crop Rotation
39:26 Iron Casting
38:25 Paladin
40:06 Plate Barding Armor
Gomes
0:27 Loom
12:15 Feudal Age
14:12 Double-Bit Axe
15:07 Wheelbarrow
19:41 Stone Mining
19:43 Gold Mining
19:36 Horse Collar
23:49 Castle Age
25:05 Bow Saw
24:43 Town Watch
25:16 Hand Cart
34:06 Imperial Age
33:08 Elite Skirmisher
35:42 Conscription
37:23 Caravan
37:30 Town Patrol
39:49 Heavy Plow
40:52 Two-Man Saw
40:34 Gold Shaft Mining
40:38 Stone Shaft Mining
39:45 Cavalier
40:37 Bloodlines
41:19 Light Cavalry
42:19 Forging
42:09 Scale Mail Armor
42:17 Scale Barding Armor
42:03 Fletching
42:28 Masonry
42:38 Ballistics
43:02 Pikeman
43:43 Squires
44:14 Chain Barding Armor
44:10 Chain Mail Armor
44:32 Iron Casting
43:52 Bodkin Arrow
43:59 Padded Archer Armor
44:32 Architecture
45:03 Chemistry
43:56 Heated Shot
war_xtreme
0:57 Loom
16:26 Feudal Age
21:33 Castle Age
20:25 Padded Archer Armor
20:16 Fletching
19:51 Man-at-Arms
20:32 Arson
21:06 Double-Bit Axe
21:39 Stone Mining
23:18 Leather Archer Armor
23:05 Gold Mining
23:51 Bodkin Arrow
29:01 Scale Barding Armor
31:49 Bow Saw
34:55 Gold Shaft Mining
36:30 Wheelbarrow
36:38 Tusk Swords
37:59 Fervor
41:06 Stone Shaft Mining
42:06 Ballistics
Connection lost

Rejoining the realm…

Still unreachable

The connection could not be restored.

Session expired

The server has moved on; the page needs a fresh start.